 Dungeon Crawl Stone Soup version 0.20.1-1-g8b1a95d (webtiles) character file.

912 Folque the Conjurer (level 8, -1/50 HPs)
             Began as an Octopode Wizard on Dec 6, 2017.
             Killed from afar by an orc wizard (4 damage)
             ... with a puff of frost
             ... on level 5 of the Dungeon.
             The game lasted 00:23:36 (5811 turns).

Folque the Conjurer (Octopode Wizard)               Turns: 5811, Time: 00:23:36

Health: -1/50      AC:  2    Str:  6    XL:     8   Next: 9%
Magic:  3/15       EV: 13    Int: 27    God:
Gold:   157        SH:  0    Dex: 10    Spells: 9/17 levels left

rFire    + . .     SeeInvis .   w - +8 mace of Mana {vamp, Int+4}
rCold    + . .     Gourm    .   (no shield)
rNeg     . . .     Faith    .   a - +1 hat
rPois    +         Spirit   .   (no amulet)
rElec    +         Reflect  .   (no ring)
rCorr    +         Harm     .   (no ring)
MR       .....                  (no ring)
Stlth    +++.......             (no ring)
Regen    0.2/turn               (no ring)
MPRegen  0.2/turn               (no ring)
                                (no ring)
                                (no ring)

@: about to teleport, resistant
A: almost no armour, stealthy swim, amphibious, 8 rings, constrict 8, camouflage
1, gelatinous body 1
a: no special abilities


You were on level 5 of the Dungeon.
You were not hungry.

You visited 1 branch of the dungeon, and saw 5 of its levels.

You collected 157 gold pieces.

Inventory:

Hand Weapons
 g - a +4 quarterstaff of chaos
 w - the +8 mace of Mana (weapon) {vamp, Int+4}
   (You took it off Robin on level 4 of the Dungeon)

   It inflicts no extra harm, but heals its wielder when it wounds a living foe.
   It affects your intelligence (+4).
Armour
 a - a +1 hat (worn)
Wands
 n - a wand of flame (31/48)
 v - a wand of polymorph (10/24)
Scrolls
 j - 3 scrolls of remove curse
 m - a scroll of enchant weapon
 p - a scroll of fear {unknown}
 r - a scroll of immolation {unknown}
Potions
 d - a potion of haste
 e - a potion of cancellation {unknown}
 k - 2 potions of lignification
 u - a potion of ambrosia {unknown}
Books
 b - a book of Minor Magic

   Spells                             Type                      Level
   a - Magic Dart                     Conjuration                  1
   b - Blink                          Translocation                2
   c - Call Imp                       Summoning                    2
   d - Slow                           Hexes                        2
   e - Conjure Flame                  Conjuration/Fire             3
   f - Mephitic Cloud                 Conjuration/Poison/Air       3
Comestibles
 c - a bread ration
 f - 9 chunks of flesh
 i - a royal jelly
 l - 2 meat rations


   Skills:
 - Level 2.0 Fighting
 - Level 2.0 Dodging
 - Level 2.6 Stealth
 + Level 5.0 Spellcasting
 * Level 5.8 Conjurations
 - Level 2.4 Summonings
 - Level 1.0 Translocations
 - Level 4.2 Poison Magic


You had 9 spell levels left.
You knew the following spells:

 Your Spells              Type           Power        Failure   Level  Hunger
a - Magic Dart            Conj           ####         1%          1    None
b - Call Imp              Summ           ###.....     3%          2    None
c - Blink                 Tloc           N/A          7%          2    None
d - Mephitic Cloud        Conj/Pois/Air  ###.....     5%          3    #......


Dungeon Overview and Level Annotations

Branches:
Dungeon (5/15)             Temple (0/1) D:4

Altars:

Shops:
D:4 [

Annotations:
D:3 Grinder, Natasha


Innate Abilities, Weirdness & Mutations

You cannot wear most types of armour.
You are very stealthy in the water. (Stealth+)
You are amphibious.
You can wear up to eight rings at the same time.
You can use your tentacles to constrict eight enemies at once.
Your skin changes colour to match your surroundings (Stealth+).
Your rubbery body absorbs attacks. (AC +1, EV +1)


Message History

As you read the scroll labeled JYXKIG KAFEVIMYNI, it crumbles to dust.
You feel strangely unstable.
It was a scroll of teleportation.
The orc wizard misses you. The orc wizard hits you with a dagger.
* * * LOW HITPOINT WARNING * * *
Aiming: Polymorph (will waste charges)
Press: ? - help, Shift-Dir - straight line The orc wizard evaporates and reforms as a bullfrog!
Evoking this partially-identified wand wasted a few charges.
The orc wizard hits you but does no damage.
You hit the orc wizard.
You feel better.
Your grab misses the orc wizard.
The orc wizard is moderately wounded.
The orc wizard hits you but does no damage.
The orc wizard gestures at you while chanting.
The puff of frost hits you! You resist.
* * * LOW HITPOINT WARNING * * *
You closely miss the orc wizard. Your grab misses the orc wizard.
The orc wizard is moderately wounded.
The orc wizard casts a spell at you. The puff of frost hits you! You resist.
You die...

. #.# #.....##..#..##.
... ##...............
#....##.............o...
...........###.....o.....
...........##
#.o......... ###..##.##
##........## #. #..##
#........
#.###...###.....#..
#...@oF...a....#...
#.......))..##.....
#..#####..).## .... # #.#
#....# ... # .#..#
#..##..... .. ##. #...###
#..##...## $ ....# #..
..##..###...# .. #.###
#.##......# #..## ..#
#..###.......... ..#


You could see a bullfrog, a worker ant (confused) and an orc wizard.

Vanquished Creatures
  Prince Ribbit (D:5)
  Edmund (D:5)
  3 orc priests
  A hound (D:5)
  3 orc wizards
  Crazy Yiuf (D:4)
  Natasha (twice) (D:3)
  A worker ant (D:5)
  Robin (D:4)
  A gnoll (D:1)
  3 adders
  2 shadow imps (D:5)
  A worm (D:2)
  A dart slug (D:2)
  5 leopard geckos
  11 orcs
  A ball python (D:2)
  4 giant cockroaches
  10 goblins
  4 hobgoblins
  10 jackals
  6 kobolds
  4 quokkas
  4 bats
  4 frilled lizards
  A jackal skeleton (D:4)
  5 rats
91 creatures vanquished.

Vanquished Creatures (collateral kills)
  Menkaure (D:4)
  A hound (D:4)
  An orc wizard (D:4)
  4 gnolls
  4 adders
  3 worms
  A leopard gecko (D:3)
  2 orcs (D:4)
  2 bats (D:3)
  3 goblins (D:4)
  2 hobgoblins (D:3)
  3 jackals (D:3)
  A quokka (D:2)
  A frilled lizard (D:5)
29 creatures vanquished.

Vanquished Creatures (others)
  A goblin (D:4)
1 creature vanquished.

Grand Total: 121 creatures vanquished

Notes
Turn   | Place    | Note
-------+----------+-------------------------------------------
     0 | D:1      | Folque the Octopode Wizard began the quest for the Orb.
     0 | D:1      | Reached XP level 1. HP: 11/11 MP: 4/4
   112 | D:1      | Reached skill level 1 in Fighting
   177 | D:1      | Reached XP level 2. HP: 12/18 MP: 6/6
   307 | D:1      | Learned a level 2 spell: Call Imp
   310 | D:1      | Learned a level 2 spell: Blink
  1064 | D:1      | Reached XP level 3. HP: 11/24 MP: 7/7
  1069 | D:1      | Learned a level 3 spell: Mephitic Cloud
  1718 | D:2      | Reached skill level 1 in Poison Magic
  1936 | D:2      | Reached XP level 4. HP: 28/29 MP: 9/9
  2770 | D:3      | Noticed Natasha
  2790 | D:3      | Killed Natasha
  2790 | D:3      | Reached XP level 5. HP: 8/34 MP: 2/10
  3107 | D:3      | Noticed Natasha
  3123 | D:3      | Killed Natasha
  3286 | D:3      | Noticed Grinder
  3286 | D:3      | Paralysed by Grinder for 7 turns
  3358 | D:3      | Paralysed by Grinder for 4 turns
  3361 | D:3      | Noticed Natasha
  3364 | D:3      | Paralysed by Grinder for 3 turns
  3500 | D:3      | Paralysed by Grinder for 4 turns
  4135 | D:4      | Noticed Robin
  4149 | D:4      | Noticed Menkaure
  4189 | D:4      | Killed Menkaure
  4189 | D:4      | Reached XP level 6. HP: 8/39 MP: 0/11
  4509 | D:4      | Found Jennutiu's Armour Boutique.
  4519 | D:4      | Killed Robin
  4522 | D:4      | Got a steaming mace {vamp}
  4528 | D:4      | Identified the +8 mace of Mana {vamp, Int+4} (You took it off Robin on level 4 of the Dungeon)
  4649 | D:4      | Found a runed door.
  4653 | D:4      | Noticed Crazy Yiuf
  4654 | D:4      | Killed Crazy Yiuf
  5130 | D:4      | Reached XP level 7. HP: 45/45 MP: 11/13
  5348 | D:4      | Found a staircase to the Ecumenical Temple.
  5401 | D:5      | Entered Level 5 of the Dungeon
  5556 | D:5      | Noticed Edmund
  5584 | D:5      | Killed Edmund
  5638 | D:5      | Noticed Prince Ribbit
  5658 | D:5      | Killed Prince Ribbit
  5658 | D:5      | Reached skill level 5 in Conjurations
  5658 | D:5      | Reached XP level 8. HP: 49/50 MP: 6/15
  5789 | D:5      | Reached skill level 5 in Spellcasting
  5811 | D:5      | Killed from afar by an orc wizard

Skill      XL: |  1  2  3  4  5  6  7  8 |
---------------+-------------------------+-----
Fighting       | 1 2 |  2.0
Poison Magic   | 1 2 4 |  4.2
Conjurations   | 2 4 5 |  5.8
Spellcasting   | 4 5 |  5.0
Summonings     | 2 |  2.4
Dodging        | |  2.0
Stealth        | |  2.6
Translocations | |  1.0

Action                   |  1- 3 |  4- 6 |  7- 9 || total
-------------------------+-------+-------+-------++-------
Melee: Club              |    22 |       |       ||    22
       Unarmed           |     7 |       |       ||     7
       Constrict         |    19 |    29 |    15 ||    63
       Tentacles         |     7 |    13 |     9 ||    29
       Short sword       |    23 |       |       ||    23
       Mace              |    16 |   106 |    42 ||   164
 Cast: Magic Dart        |     6 |    32 |    10 ||    48
       Call Imp          |     8 |    27 |     2 ||    37
       Mephitic Cloud    |       |     9 |     7 ||    16
       Blink             |       |     2 |       ||     2
Evoke: Wand              |       |       |     1 ||     1
  Use: Scroll            |       |     4 |     2 ||     6
       Potion            |       |       |     3 ||     3
 Stab: Sleeping          |    11 |     5 |       ||    16
       Confused          |       |     2 |     3 ||     5
  Eat: Chunk             |     3 |     9 |     1 ||    13
       Fruit             |       |     2 |       ||     2
       Bread ration      |       |     1 |       ||     1
       Royal jelly       |       |     1 |       ||     1
Armor: Skin              |     3 |     6 |     3 ||    12
Dodge: Dodged            |    54 |    85 |    25 ||   164
